 Dungeon Crawl Stone Soup version 0.20.1-1-g8b1a95d (webtiles) character file.

164 Goboxel the Slasher (level 5, -2/42 HPs)
             Began as a Demonspawn Gladiator on July 12, 2017.
             Slain by Crazy Yiuf
             ... wielding a +3 quarterstaff of chaos
              (8 damage)
             ... on level 2 of the Dungeon.
             The game lasted 00:03:27 (2676 turns).

Goboxel the Slasher (Demonspawn Gladiator)          Turns: 2676, Time: 00:03:29

Health: -2/42      AC:  5    Str: 15    XL:     5   Next: 21%
Magic:  5/5        EV:  7    Int: 14    God:
Gold:   76         SH:  0    Dex: 15    Spells: 4/4 levels left

rFire    . . .     SeeInvis .   a - +0 long sword
rCold    . . .     Gourm    .   (no shield)
rNeg     . . .     Faith    .   b - +0 leather armour
rPois    .         Spirit   .   (helmet restricted)
rElec    .         Reflect  .   (no cloak)
rCorr    .         Harm     .   (no gloves)
MR       .....                  j - +0 pair of boots
Stlth    +.........             (no amulet)
Regen    0.2/turn               (no ring)
MPRegen  0.1/turn               (no ring)

@: brilliant, petrifying, very slightly contaminated, invisible, very slow
A: antennae 1, rugged brown scales 1, powered by death 1, rot immunity
a: no special abilities


You were on level 2 of the Dungeon.
You were not hungry.

You visited 1 branch of the dungeon, and saw 2 of its levels.

You collected 76 gold pieces.

Inventory:

Hand Weapons
 a - a +0 long sword (weapon)
 h - a +0 dagger of protection
Missiles
 d - 3 throwing nets (quivered)
Armour
 b - a +0 leather armour (worn)
 j - a +0 pair of boots (worn)
Scrolls
 e - a scroll of teleportation {unknown}
 i - a scroll of identify {unknown}
 k - 2 scrolls of remove curse {unknown}
Potions
 g - a potion of flight
Comestibles
 c - 2 fruits
 f - 3 bread rations


   Skills:
 + Level 3.3 Fighting
 * Level 4.2 Long Blades
 - Level 1.7 Throwing
 + Level 3.5 Dodging


You had 4 spell levels left.
You didn't know any spells.

Dungeon Overview and Level Annotations

Branches:
Dungeon (2/15)

Altars:

Annotations:
D:2 Crazy Yiuf


Innate Abilities, Weirdness & Mutations

You have a pair of small antennae on your head.
You are partially covered in rugged brown scales. (AC +1, +3% HP)
You regenerate a little health from kills.
You are immune to rotting.


Message History

Crazy Yiuf shouts!
Found a mace.
There is an open door here.
You completely miss Crazy Yiuf.
Crazy Yiuf hits you with a quarterstaff of chaos!
You are electrocuted!
You hit Crazy Yiuf.
Crazy Yiuf is lightly wounded.
Crazy Yiuf says, "Aardvark tea cloud!"
Crazy Yiuf hits you with a quarterstaff of chaos!
* * * LOW HITPOINT WARNING * * *
You are slowing down.
It was a potion of brilliance.
You feel clever all of a sudden.
Crazy Yiuf hits you with a quarterstaff of chaos.
* * * LOW HITPOINT WARNING * * *
You fade into invisibility!
You are very lightly contaminated with residual magic.
Crazy Yiuf hits you with a quarterstaff of chaos!
You die...

)##.#####.....#
#...# #.# ###.#
####### #...#
#.. ###.#
##.### ###
....# #....#
##### #####
#..#.#######
#)..#
##.#.##.....
#...#
#.......##.#
#.g.#
##.#.#####.#
#@# ##.#.# #.#
♣.♣♣ #....# #.#
♣♣.♣ ##.### #.#
♣.♣♣ #....# #..
♣♣.♣
#....#######
♣♣.♣♣
#....##...##
♣♣...♣
#....##.....
♣....♣
#[...##...##
#....#
########.##


You could see Crazy Yiuf.

Vanquished Creatures
  3 gnolls (D:2)
  7 adders (D:2)
  4 dart slugs (D:1)
  2 leopard geckos (D:1)
  A ball python (D:1)
  4 giant cockroaches
  10 goblins
  3 hobgoblins
  2 jackals
  9 bats
  5 frilled lizards
  7 kobolds
  8 rats
65 creatures vanquished.

Notes
Turn   | Place    | Note
-------+----------+-------------------------------------------
     0 | D:1      | Goboxel the Demonspawn Gladiator began the quest for the Orb.
     0 | D:1      | Reached XP level 1. HP: 16/16 MP: 1/1
   115 | D:1      | Gained mutation: You have a pair of small antennae on your head. [demonic ancestry]
   115 | D:1      | Reached XP level 2. HP: 7/23 MP: 2/2
   394 | D:1      | Reached skill level 3 in Long Blades
   602 | D:1      | Gained mutation: You regenerate a little health from kills. [demonic ancestry]
   602 | D:1      | Reached XP level 3. HP: 22/28 MP: 3/3
   929 | D:2      | HP: 1/28 [gnoll/flail (14)]
  1371 | D:2      | Gained mutation: You are partially covered in rugged brown scales. (AC +1, +3% HP) [demonic ancestry]
  1371 | D:2      | Reached XP level 4. HP: 28/35 MP: 4/4
  1880 | D:2      | Reached skill level 4 in Long Blades
  2228 | D:2      | Gained mutation: You are immune to rotting. [demonic ancestry]
  2228 | D:2      | Reached XP level 5. HP: 37/42 MP: 5/5
  2668 | D:2      | Found a runed door.
  2672 | D:2      | Noticed Crazy Yiuf
  2676 | D:2      | Slain by Crazy Yiuf

Skill      XL: |  1  2  3  4 |
---------------+-------------+-----
Long Blades    | 3 4 |  4.2
Dodging        | 3 |  3.5
Fighting       | 3 |  3.3
Throwing       | |  1.7

Action                   |  1- 3 |  4- 6 || total
-------------------------+-------+-------++-------
Melee: Long sword        |   111 |    76 ||   187
  Use: Scroll            |       |     2 ||     2
       Potion            |       |     2 ||     2
 Stab: Sleeping          |     1 |       ||     1
  Eat: Chunk             |     2 |     4 ||     6
Armor: Leather armour    |    47 |    16 ||    63
Dodge: Dodged            |   136 |    61 ||   197
       Rpst.: Long sword |    48 |    20 ||    68
